| TOP OF THE 1ST |
|
Harrisburg Senators batting - Pitching for Tulsa Drillers : RHP Steve Mintz
|
|
Pitching: RHP Steve Mintz
|
|
|
Batting: RHB Nate Dickinson
|
0-0: Called Strike 0-1: Foul Ball, location: 2F 0-2: Ball 1-2: Ball 2-2: Strikes out swinging
|
|
Batting: RHB Antonio Laurel
|
0-0: Swinging Strike 0-1: Called Strike 0-2: Ball 1-2: Ball 2-2: Strikes out swinging
|
|
Batting: RHB Kevin Whitenack
|
0-0: Ball 1-0: Called Strike 1-1: Called Strike 1-2: Fly out, F7 (Flyball, 78S, EV 87.5 MPH)
|
| Top of the 1st over - 0 runs, 0 hits, 0 errors, 0 left on base; Harrisburg 0 - Tulsa 0 |
| BOTTOM OF THE 1ST |
|
Tulsa Drillers batting - Pitching for Harrisburg Senators : RHP Jim Sanders
|
|
Pitching: RHP Jim Sanders
|
|
|
Batting: RHB Marcos Villalobos
|
0-0: Ball 1-0: SINGLE (Flyball, 9LS, EV 92.5 MPH)
|
|
Batting: SHB Nate Kopchak
|
0-0: Ball Marcos Villalobos steals 2nd base (no throw) 1-0: Ball Wild Pitch! Marcos Villalobos to third 2-0: Ball 3-0: Fly out, F8 (Flyball, 8LXD, EV 97.5 MPH) Runner from 3rd tags up, SCORES, no throw by CF
|
|
Batting: LHB Kevin Wiebe
|
0-0: Ball 1-0: Ball 2-0: Ground out 6-3 (Groundball, 4, EV 85.0 MPH)
|
|
Batting: LHB Chris Buchan
|
0-0: Foul Ball, location: 2F 0-1: Ball 1-1: Ground out 4-3 (Groundball, 34, EV 100.6 MPH)
|
| Bottom of the 1st over - 1 run, 1 hit, 0 errors, 0 left on base; Harrisburg 0 - Tulsa 1 |
| TOP OF THE 2ND |
|
Harrisburg Senators batting - Pitching for Tulsa Drillers : RHP Steve Mintz
|
|
Batting: LHB Pat Aviles
|
0-0: Ball 1-0: Ground out 4-3 (Groundball, 13, EV 92.5 MPH)
|
|
Batting: RHB Kevin Wick
|
0-0: Foul Ball, location: 2F 0-1: SINGLE (Groundball, 34D, EV 105.0 MPH)
|
|
Batting: LHB Evan Oliveri
|
0-0: Ball 1-0: SINGLE (Groundball, 6D, EV 110.6 MPH) Kevin Wick to second
|
|
Batting: RHB Steve Perez
|
0-0: Called Strike 0-1: Ball 1-1: Foul Ball, location: 2F 1-2: Ball 2-2: Foul Ball, location: 2F 2-2: Strikes out looking and he ARGUES THE CALL AND IS TOSSED!
|
|
Batting: RHB John McNeill
|
0-0: Called Strike 0-1: Ball 1-1: Ball 2-1: Swinging Strike 2-2: Strikes out swinging
|
| Top of the 2nd over - 0 runs, 2 hits, 0 errors, 2 left on base; Harrisburg 0 - Tulsa 1 |
| BOTTOM OF THE 2ND |
|
Tulsa Drillers batting - Pitching for Harrisburg Senators : RHP Jim Sanders
|
|
Now at 1B: Seth Rutz
|
|
|
Batting: SHB Justin Toth
|
0-0: Called Strike 0-1: Foul Ball, location: 2F 0-2: TRIPLE (Flyball, 9D, EV 105.6 MPH)
|
|
Batting: RHB Aaron Burress
|
0-0: Ball 1-0: Ball 2-0: Ball 3-0: Fly out, F9 (Flyball, 9, EV 90.0 MPH) Runner from 3rd tags up, SCORES, no throw by RF
|
|
Batting: LHB Chris Barrera
|
0-0: SINGLE (Groundball, 34D, EV 108.1 MPH)
|
|
Batting: RHB Tony Rivera
|
0-0: SINGLE (Flyball, 56D, EV 88.8 MPH) Chris Barrera to second
|
|
Batting: RHB Kyle Garrett
|
0-0: Ball 1-0: Ball 2-0: SINGLE (Groundball, 6M, EV 98.1 MPH) Chris Barrera to third Tony Rivera to second
|
|
Batting: RHB Marcos Villalobos
|
0-0: Called Strike 0-1: Ball 1-1: Ball 2-1: Fielders Choice at 2nd, 4-6 (Groundball, 4, EV 91.2 MPH) Chris Barrera scores Tony Rivera to third
|
|
Batting: SHB Nate Kopchak
|
0-0: Swinging Strike 0-1: Ground out U3 (Groundball, 3, EV 76.9 MPH)
|
| Bottom of the 2nd over - 2 runs, 4 hits, 0 errors, 2 left on base; Harrisburg 0 - Tulsa 3 |
| TOP OF THE 3RD |
|
Harrisburg Senators batting - Pitching for Tulsa Drillers : RHP Steve Mintz
|
|
Batting: RHB Victor Cintron
|
0-0: Called Strike 0-1: Ball 1-1: Foul Ball, location: 2F 1-2: Strikes out swinging
|
|
Batting: RHB Nate Dickinson
|
0-0: Ball 1-0: Ball 2-0: Called Strike 2-1: Ball 3-1: Swinging Strike 3-2: DOUBLE (Flyball, 8LXD, EV 91.9 MPH)
|
|
Batting: RHB Antonio Laurel
|
0-0: Ball Nate Dickinson steals 3rd base 1-0: Called Strike 1-1: Foul Ball, location: 2F 1-2: Ground out 6-3 (Groundball, 56, EV 105.0 MPH) Nate Dickinson scores
|
|
Batting: RHB Kevin Whitenack
|
0-0: Called Strike 0-1: Ball 1-1: Ball 2-1: Ball 3-1: Called Strike 3-2: Foul Ball, location: 2F 3-2: Fly out, F7 (Line Drive, 7LS, EV 98.1 MPH)
|
| Top of the 3rd over - 1 run, 1 hit, 0 errors, 0 left on base; Harrisburg 1 - Tulsa 3 |
| BOTTOM OF THE 3RD |
|
Tulsa Drillers batting - Pitching for Harrisburg Senators : RHP Jim Sanders
|
|
Batting: LHB Kevin Wiebe
|
0-0: Ball 1-0: Ball 2-0: Foul Ball, location: 2F 2-1: Ball 3-1: Foul Ball, location: 2F 3-2: Strikes out swinging
|
|
Batting: LHB Chris Buchan
|
0-0: Ball 1-0: Called Strike 1-1: Ball 2-1: Foul Ball, location: 2F 2-2: Ground out U3 (Groundball, 3, EV 103.1 MPH)
|
|
Batting: SHB Justin Toth
|
0-0: Ball 1-0: Swinging Strike 1-1: Fly out, F8 (Flyball, 8RM, EV 89.4 MPH)
|
| Bottom of the 3rd over - 0 runs, 0 hits, 0 errors, 0 left on base; Harrisburg 1 - Tulsa 3 |
| TOP OF THE 4TH |
|
Harrisburg Senators batting - Pitching for Tulsa Drillers : RHP Steve Mintz
|
|
Batting: LHB Pat Aviles
|
0-0: Called Strike 0-1: Ball 1-1: Ball 2-1: Ground out 4-3 (Groundball, 4, EV 83.1 MPH)
|
|
Batting: RHB Kevin Wick
|
0-0: Called Strike 0-1: Called Strike 0-2: Ball 1-2: Foul Ball, location: 2F 1-2: SINGLE (Groundball, 34D, EV 100.6 MPH)
|
|
Batting: LHB Evan Oliveri
|
0-0: Ball 1-0: Grounds into double play, 1-6-3 (Groundball, 13S, EV 66.2 MPH)
|
| Top of the 4th over - 0 runs, 1 hit, 0 errors, 0 left on base; Harrisburg 1 - Tulsa 3 |
| BOTTOM OF THE 4TH |
|
Tulsa Drillers batting - Pitching for Harrisburg Senators : RHP Jim Sanders
|
|
Batting: RHB Aaron Burress
|
0-0: Ground out 5-3 (Groundball, 56, EV 85.0 MPH)
|
|
Batting: LHB Chris Barrera
|
0-0: Called Strike 0-1: Foul Ball, location: 2F 0-2: Strikes out swinging
|
|
Batting: RHB Tony Rivera
|
0-0: Ball 1-0: Called Strike 1-1: Foul Ball, location: 2F 1-2: Ball 2-2: SINGLE (Groundball, 56D, EV 98.8 MPH)
|
|
Batting: RHB Kyle Garrett
|
0-0: Ball 1-0: Called Strike Tony Rivera steals 2nd base 1-1: Ball 2-1: Ball 3-1: Called Strike 3-2: Ground out 5-3 (Groundball, 5, EV 91.2 MPH)
|
| Bottom of the 4th over - 0 runs, 1 hit, 0 errors, 1 left on base; Harrisburg 1 - Tulsa 3 |
| TOP OF THE 5TH |
|
Harrisburg Senators batting - Pitching for Tulsa Drillers : RHP Steve Mintz
|
|
Batting: RHB Seth Rutz
|
0-0: Ball 1-0: Ground out 4-3 (Groundball, 4, EV 98.8 MPH)
|
|
Batting: RHB John McNeill
|
0-0: Called Strike 0-1: Ball 1-1: Foul Ball, location: 2F 1-2: Fly out, F8 (Line Drive, 8LD, EV 85.0 MPH)
|
|
Batting: RHB Victor Cintron
|
0-0: Ball 1-0: Ball 2-0: Ball 3-0: Called Strike 3-1: Ground out 5-3 (Groundball, 56S, EV 77.5 MPH)
|
| Top of the 5th over - 0 runs, 0 hits, 0 errors, 0 left on base; Harrisburg 1 - Tulsa 3 |
| BOTTOM OF THE 5TH |
|
Tulsa Drillers batting - Pitching for Harrisburg Senators : RHP Jim Sanders
|
|
Batting: RHB Marcos Villalobos
|
0-0: Called Strike 0-1: Ball 1-1: SINGLE (Groundball, 6MD, EV 95.0 MPH)
|
|
Batting: SHB Nate Kopchak
|
0-0: Ball 1-0: Called Strike 1-1: Ball 2-1: Grounds into double play, 2-6-3 (Groundball, 2R, EV 68.8 MPH)
|
|
Batting: LHB Kevin Wiebe
|
0-0: Called Strike 0-1: Ground out 6-3 (Groundball, 6M, EV 85.0 MPH)
|
| Bottom of the 5th over - 0 runs, 1 hit, 0 errors, 0 left on base; Harrisburg 1 - Tulsa 3 |
| TOP OF THE 6TH |
|
Harrisburg Senators batting - Pitching for Tulsa Drillers : RHP Steve Mintz
|
|
Batting: RHB Nate Dickinson
|
0-0: Called Strike 0-1: Called Strike 0-2: Foul Ball, location: 2F 0-2: Ball 1-2: Foul Ball, location: 2F 1-2: Foul Ball, location: 2F 1-2: Ball 2-2: SINGLE (Groundball, 6MS, EV 63.1 MPH) (infield hit)
|
|
Batting: RHB Antonio Laurel
|
0-0: Ball Nate Dickinson is caught stealing 2nd base 2-4 1-0: Ball 2-0: Foul Ball, location: 2F 2-1: Swinging Strike 2-2: Fly out, F7 (Flyball, 7, EV 90.6 MPH)
|
|
Batting: RHB Kevin Whitenack
|
0-0: Fly out, F3 (Flyball, 34D, EV 83.1 MPH)
|
| Top of the 6th over - 0 runs, 1 hit, 0 errors, 0 left on base; Harrisburg 1 - Tulsa 3 |
| BOTTOM OF THE 6TH |
|
Tulsa Drillers batting - Pitching for Harrisburg Senators : RHP Jim Sanders
|
|
Batting: LHB Chris Buchan
|
0-0: Ball 1-0: Ball 2-0: Fly out, F8 (Line Drive, 8RD, EV 103.8 MPH)
|
|
Batting: SHB Justin Toth
|
0-0: Ground out 4-3 (Groundball, 34, EV 104.4 MPH)
|
|
Batting: RHB Aaron Burress
|
0-0: Called Strike 0-1: Called Strike 0-2: Ball 1-2: Strikes out swinging
|
| Bottom of the 6th over - 0 runs, 0 hits, 0 errors, 0 left on base; Harrisburg 1 - Tulsa 3 |
| TOP OF THE 7TH |
|
Harrisburg Senators batting - Pitching for Tulsa Drillers : RHP Steve Mintz
|
|
Batting: LHB Pat Aviles
|
0-0: DOUBLE (Line Drive, 7LD, EV 104.4 MPH)
|
|
Batting: RHB Kevin Wick
|
0-0: Ball 1-0: Ball 2-0: Called Strike 2-1: Foul Ball, location: 2F 2-2: Ball 3-2: Foul Ball, location: 2F 3-2: Fly out, F7 (Flyball, 78D, EV 108.8 MPH)
|
|
Pitching: LHP William Lobo
|
|
|
Batting: LHB Evan Oliveri
|
0-0: Swinging Strike 0-1: Called Strike 0-2: Foul Ball, location: 2F 0-2: Ball 1-2: Strikes out swinging
|
|
Batting: RHB Seth Rutz
|
0-0: Called Strike 0-1: SINGLE (Groundball, 34D, EV 96.2 MPH) Pat Aviles to third Runner from 3rd tries for Home, SAFE, throw by RF to home
|
|
Pinch Runner at 1st Paul Shell:
|
|
|
Batting: RHB John McNeill
|
0-0: Called Strike 0-1: Ground out 4-3 (Groundball, 34, EV 90.6 MPH)
|
| Top of the 7th over - 1 run, 2 hits, 0 errors, 1 left on base; Harrisburg 2 - Tulsa 3 |
| BOTTOM OF THE 7TH |
|
Tulsa Drillers batting - Pitching for Harrisburg Senators : RHP Jim Sanders
|
|
Now at 1B: Paul Shell
|
|
|
Batting: LHB Chris Barrera
|
0-0: Called Strike 0-1: DOUBLE (Line Drive, 78XD, EV 106.2 MPH)
|
|
Batting: RHB Tony Rivera
|
0-0: Ball 1-0: Ball 2-0: Ground out 5-3 (Groundball, 5, EV 81.2 MPH)
|
|
Batting: RHB Kyle Garrett
|
0-0: Foul Ball, location: 2F 0-1: Ball 1-1: Foul Ball, location: 2F 1-2: Strikes out swinging
|
|
Batting: RHB Marcos Villalobos
|
0-0: Ball 1-0: Ground out 6-3 (Groundball, 6, EV 108.1 MPH)
|
| Bottom of the 7th over - 0 runs, 1 hit, 0 errors, 1 left on base; Harrisburg 2 - Tulsa 3 |
| TOP OF THE 8TH |
|
Harrisburg Senators batting - Pitching for Tulsa Drillers : LHP William Lobo
|
|
Pitching: RHP Josh Weiser
|
|
|
Pinch Hitting: LHB John Holst
|
0-0: Ball 1-0: Ball 2-0: Ball 3-0: Called Strike 3-1: Called Strike 3-2: Foul Ball, location: 2F 3-2: Base on Balls
|
|
Batting: RHB Nate Dickinson
|
0-0: Bunt missed! 0-1: Ball 1-1: Bunted foul 1-2: Strikes out looking
|
|
Batting: RHB Antonio Laurel
|
0-0: Ball 1-0: Foul Ball, location: 2F 1-1: Ball 2-1: Ball 3-1: SINGLE (Groundball, 5L, EV 95.0 MPH) John Holst to second
|
|
Batting: RHB Kevin Whitenack
|
0-0: Ball 1-0: Swinging Strike 1-1: Ball 2-1: Ball 3-1: Foul Ball, location: 2F 3-2: Base on Balls John Holst to third Antonio Laurel to second
|
|
Pitching: RHP Jordan Arredondo
|
|
|
Batting: LHB Pat Aviles
|
0-0: Called Strike 0-1: Ball 1-1: Called Strike 1-2: Fly out, F7 (Flyball, 7D, EV 97.5 MPH) Runner from 3rd tags up, SCORES, no throw by LF
|
|
Pinch Runner at 2nd Pat Drader:
|
|
|
Batting: RHB Kevin Wick
|
0-0: Ball 1-0: Ball 2-0: Called Strike 2-1: 3-RUN HOME RUN (Flyball, 7D, EV 95.0 MPH), Distance : 355 ft
|
|
Batting: LHB Evan Oliveri
|
0-0: Swinging Strike 0-1: Ball 1-1: Swinging Strike 1-2: Ball 2-2: Ball 3-2: SINGLE (Groundball, 6MD, EV 94.4 MPH)
|
|
Batting: RHB Paul Shell
|
0-0: Called Strike 0-1: Called Strike 0-2: Ball 1-2: Strikes out swinging
|
| Top of the 8th over - 4 runs, 3 hits, 0 errors, 1 left on base; Harrisburg 6 - Tulsa 3 |
| BOTTOM OF THE 8TH |
|
Tulsa Drillers batting - Pitching for Harrisburg Senators : RHP Jim Sanders
|
|
Now at SS: Pat Drader
|
|
|
Now in LF: John Holst
|
|
|
Now in RF: John McNeill
|
|
|
Batting: SHB Nate Kopchak
|
0-0: Ball 1-0: Ground out 5-3 (Groundball, 56, EV 81.9 MPH)
|
|
Batting: LHB Kevin Wiebe
|
0-0: Ball 1-0: Foul Ball, location: 2F 1-1: Ball 2-1: Ball 3-1: Foul Ball, location: 2F 3-2: Base on Balls
|
|
Pitching: RHP Stacey Kerssies
|
|
|
Batting: LHB Chris Buchan
|
0-0: Called Strike 0-1: Swinging Strike 0-2: Ball 1-2: Ball 2-2: Strikes out swinging
|
|
Batting: SHB Justin Toth
|
0-0: Called Strike 0-1: Ball 1-1: Ball 2-1: Called Strike 2-2: Ball 3-2: Fly out, F7 (Flyball, 7, EV 81.9 MPH)
|
| Bottom of the 8th over - 0 runs, 0 hits, 0 errors, 1 left on base; Harrisburg 6 - Tulsa 3 |
| TOP OF THE 9TH |
|
Harrisburg Senators batting - Pitching for Tulsa Drillers : RHP Jordan Arredondo
|
|
Pitching: RHP Jeff Coates
|
|
|
Batting: RHB John McNeill
|
0-0: Fly out, F9 (Flyball, 89M, EV 88.1 MPH)
|
|
Batting: LHB John Holst
|
0-0: Foul Ball, location: 2F 0-1: Ball 1-1: Ball 2-1: Foul Ball, location: 2F 2-2: Ball 3-2: DOUBLE (Line Drive, 5D, EV 97.5 MPH)
|
|
Batting: RHB Nate Dickinson
|
0-0: Intentional Walk
|
|
Batting: RHB Pat Drader
|
0-0: Ball 1-0: Swinging Strike 1-1: Fielders Choice at 2nd, 4-6 (Groundball, 4, EV 85.6 MPH) John Holst to third
|
|
Batting: RHB Kevin Whitenack
|
0-0: Ball 1-0: Ball 2-0: Called Strike 2-1: Ground out 6-3 (Groundball, 6S, EV 76.9 MPH)
|
| Top of the 9th over - 0 runs, 1 hit, 0 errors, 2 left on base; Harrisburg 6 - Tulsa 3 |
| BOTTOM OF THE 9TH |
|
Tulsa Drillers batting - Pitching for Harrisburg Senators : RHP Stacey Kerssies
|
|
Pitching: RHP Gareth Cutts
|
|
|
Batting: RHB Aaron Burress
|
0-0: Ball 1-0: Ball 2-0: Ball 3-0: Called Strike 3-1: Hit by Pitch
|
|
Batting: LHB Chris Barrera
|
0-0: Fly out, F9 (Flyball, 89S, EV 84.4 MPH)
|
|
Batting: RHB Tony Rivera
|
0-0: Fly out, F8 (Line Drive, 8LM, EV 90.6 MPH)
|
|
Batting: RHB Kyle Garrett
|
0-0: Ball 1-0: SINGLE (Groundball, 4D, EV 95.6 MPH) Aaron Burress to second
|
|
Batting: RHB Marcos Villalobos
|
0-0: Called Strike 0-1: Called Strike 0-2: Ball 1-2: Ball 2-2: Strikes out swinging
|
| Bottom of the 9th over - 0 runs, 1 hit, 0 errors, 2 left on base; Harrisburg 6 - Tulsa 3 |
|